AoeStats
← -MIRO-SLAV

Black Forest

508032634Analyzed
3v3 RM · 13d ago on Sep 20, 2026· 42m 24s· 6 players
Game mode
Random Map
Map size
Normal (6 player)
Population
200
Speed
Normal
Resources
Standard
Victory
Conquest
Starting age
Dark Age
Ending age
Imperial Age
RankedLock teamsTeams togetherTeam positionsShared explorationLock speedFull tech treeHidden civsTurbo modeCheats
Victory
Defeat
🇸🇰 Spanish · Slovakia
837
+17
🇺🇸 Goths · United States
834
+17
🇩🇪 Spanish · Germany
810
+18
🇵🇾 Italians · Paraguay
863
-49
🇨🇳 Chinese · China
848
-17
🇸🇰 Goths · Slovakia
840
-17
Nikdachub
0:38 Loom
15:01 Feudal Age
15:22 Horse Collar
15:29 Double-Bit Axe
16:20 Wheelbarrow
16:54 Gold Mining
16:55 Stone Mining
23:45 Castle Age
23:29 Man-at-Arms
24:24 Long Swordsman
25:06 Squires
25:29 Hand Cart
26:50 Bow Saw
26:41 Heavy Plow
29:27 Hand Cart
34:39 Forging
34:39 Scale Mail Armor
35:37 Caravan
40:10 Stone Shaft Mining
42:42 Imperial Age
40:10 Town Watch
42:03 Iron Casting
41:44 Chain Mail Armor
42:21 Town Patrol
mirro99
12:00 Feudal Age
17:55 Castle Age
15:39 Horse Collar
15:49 Double-Bit Axe
23:02 Loom
23:37 Heavy Plow
24:24 Wheelbarrow
24:55 Bow Saw
25:43 Hand Cart
25:14 Town Watch
26:59 Town Patrol
26:59 Gold Mining
27:27 Stone Mining
29:36 Stone Shaft Mining
29:14 Fortified Wall
34:11 Imperial Age
32:12 Murder Holes
32:37 Ballistics
32:30 Scale Barding Armor
32:36 Forging
34:30 Chain Barding Armor
34:46 Iron Casting
35:34 Conscription
35:44 Husbandry
35:56 Bloodlines
35:07 Cavalier
36:55 Chemistry
36:50 Plate Barding Armor
38:29 Blast Furnace
36:54 Paladin
luckyluke312
0:44 Loom
12:28 Feudal Age
13:49 Wheelbarrow
19:38 Castle Age
18:40 Double-Bit Axe
18:39 Horse Collar
19:25 Gold Mining
19:26 Stone Mining
24:15 Heavy Plow
32:10 Imperial Age
31:00 Hand Cart
32:11 Caravan
33:06 Bloodlines
33:00 Husbandry
32:23 Cavalier
33:29 Conscription
33:33 Forging
33:29 Scale Barding Armor
37:08 Iron Casting
36:54 Chain Barding Armor
38:45 Paladin
39:49 Light Cavalry
43:17 Blast Furnace
42:15 Hussar
-MIRO-SLAV
0:36 Loom
josiasbael
白给连狙
11:36 Feudal Age
11:27 Loom
17:19 Castle Age
15:15 Double-Bit Axe
17:41 Castle Age
16:36 Stone Mining
16:45 Horse Collar
18:59 Bow Saw
19:13 Horse Collar
22:07 Gold Mining
23:14 Wheelbarrow
22:57 Town Watch
25:04 Fletching
27:06 Hand Cart
27:23 Town Watch
29:26 Ballistics
30:13 Bodkin Arrow
33:45 Imperial Age
31:18 Padded Archer Armor
33:47 Leather Archer Armor
34:38 Stone Shaft Mining
34:38 Gold Shaft Mining
34:33 Bracer
35:04 Ring Archer Armor
35:40 Conscription
38:44 Chemistry
37:46 Scale Mail Armor
39:17 Elite Chu Ko Nu
40:59 Pikeman
41:41 Squires
42:37 Forging
Connection lost

Rejoining the realm…

Still unreachable

The connection could not be restored.

Session expired

The server has moved on; the page needs a fresh start.